 Dungeon Crawl Stone Soup version 0.22.1-2-g9c5b331 (webtiles) character file.

1946 troglodite the Shield-Bearer (level 8, -18/63 HPs)
             Began as a Demonspawn Berserker on Nov 20, 2018.
             Was a Priest of Trog.
             Demolished by an orc warrior
             ... wielding a +0 halberd
              (34 damage)
             ... in a bailey on Nov 21, 2018.
             The game lasted 00:17:37 (6497 turns).

troglodite the Shield-Bearer (Demonspawn Berserker) Turns: 6497, Time: 00:17:38

Health: -18/63     AC: 14    Str: 18    XL:     8   Next: 98%
Magic:  8/8        EV:  6    Int:  8    God:    Trog [***...]
Gold:   431        SH: 17    Dex: 18    Spells: 7/7 levels left

rFire    + . .     SeeInvis .   y - +1 dagger of Pugac {pierce, rF+ rC+}
rCold    + . .     Gourm    .   x - +0 large shield
rNeg     . . .     Faith    .   p - +5 chain mail {MR+}
rPois    .         Spirit   .   (helmet restricted)
rElec    .         Reflect  +   (no cloak)
rCorr    .         Harm     .   (no gloves)
MR       +....                  (no boots)
Stlth    ..........             n - +2 amulet of reflection
HPRegen  0.20/turn              v - +3 ring of dexterity
MPRegen  0.11/turn              (no ring)

@: no status effects
A: horns 2, demonic guardian 1, foul stench 1, rot immunity
a: Berserk, Trog's Hand, Renounce Religion


You were in a bailey.
You worshipped Trog.
Trog was most pleased with you.
You were not hungry.

You visited 1 branch of the dungeon, and saw 7 of its levels.
You also visited: Bailey.

You collected 431 gold pieces.

Inventory:

Hand Weapons
 a - a +0 falchion
 e - a +0 dagger of flaming
 y - the +1 dagger of Pugac (weapon) {pierce, rF+ rC+}
   (You found it on level 5 of the Dungeon)

   It inflicts extra damage upon your enemies.
   It protects you from fire.
   It protects you from cold.
Armour
 p - a +5 chain mail of magic resistance (worn)
 x - a +0 large shield (worn)
Jewellery
 n - a +2 amulet of reflection (around neck)
 v - a +3 ring of dexterity (left hand)
 B - a cursed -3 ring of dexterity
Wands
 f - a wand of flame (17)
 m - a wand of acid (9)
 w - a wand of clouds (3)
Scrolls
 g - 6 scrolls of identify
 h - a scroll of enchant armour
 l - a scroll of remove curse
 o - a scroll of teleportation
 s - 2 scrolls of enchant weapon {unknown}
 u - a scroll of fog {unknown}
 z - a scroll of blinking {unknown}
Potions
 b - a potion of mutation
 d - a potion of haste {unknown}
 i - 2 potions of invisibility
 j - 2 potions of lignification
 k - 2 potions of cancellation
 q - 2 potions of heal wounds
 t - a potion of might
 A - a potion of ambrosia {unknown}
 C - a potion of curing {unknown}
Comestibles
 c - 3 rations


   Skills:
 * Level 5.5 Fighting
 + Level 3.5(4.1) Short Blades
 + Level 3.2(4.0) Long Blades
 * Level 5.4 Armour
 * Level 4.3 Dodging
 - Level 0.3 Stealth
 * Level 5.7 Shields


You had 7 spell levels left.
You didn't know any spells.
Your spell library was empty.

Dungeon Overview and Level Annotations

Branches:
Dungeon (7/15)             Temple (0/1) D:5

Altars:
Zin


Innate Abilities, Weirdness & Mutations

You have a pair of horns on your head.
A weak demonic guardian rushes to your aid.
You may emit foul miasma when damaged in melee.
You are immune to rotting.


Message History

The orc warrior goes into a battle-frenzy!
Found 37 stones, 619 gold pieces and a fan of gales.
An orc warrior and an orc knight come into view.
The orc warrior shouts!
The orc knight shouts!
You block the orc warrior's attack.
There is an open door here.
You block the orc warrior's attack.
You hit the orc warrior.
The orc warrior is lightly wounded.
The orc knight roars a battlecry!
The orc warrior goes into a battle-frenzy!
You block the orc warrior's attack.
You hit the orc warrior but do no damage.
The orc warrior is lightly wounded.
The orc warrior hits you with a glaive!!
The orc knight hits you from afar with a glaive!!
* * * LOW HITPOINT WARNING * * *
The orc warrior hits you from afar with a halberd!!
Ouch! That really hurt!
You die...

### ## ##
##∩###########.##
..##...##.)(..##...#
≈..#...#..≈≈≈..#o.}#
≈≈.......≈≈o≈≈.#..$#
o≈.......≈.oo≈5'@o.#
≈≈....)..≈≈o≈≈.#..(#
≈..#...#..≈≈≈..#o.$#
..##.∩.##.....##..(#
## ##∩###########.##
### ##


You could see 3 orc knights, 2 orc warriors, 2 orcs and a friendly ufetubus.

Vanquished Creatures
  2 sky beasts (D:7)
  A phantom (D:5)
  2 ice beasts (D:5)
  2 scorpions (D:6)
  3 killer bees (D:7)
  2 bullfrog zombies (D:5)
  A jelly (D:5)
  A centaur zombie (D:5)
  3 hounds
  3 orc priests
  2 iguanas (D:5)
  Terence (D:2)
  5 worker ants
  A hound zombie (D:6)
  A gnoll (D:1)
  10 adders
  A shadow imp (D:7)
  2 oozes
  A dart slug (D:3)
  3 leopard geckos
  11 orcs
  A ball python (D:2)
  3 giant cockroaches
  3 goblins
  7 hobgoblins
  4 jackals (D:2)
  4 kobolds
  5 quokkas
  4 bats
  3 frilled lizards
  6 rats
98 creatures vanquished.

Vanquished Creatures (collateral kills)
  A hungry ghost (D:5)
  An orc warrior (Bailey)
  A black bear (D:7)
  An ogre (D:6)
  3 bullfrogs
  A howler monkey (D:5)
  A quokka (D:7)
  A butterfly (D:5)
10 creatures vanquished.

Vanquished Creatures (others)
  2 orc warriors (Bailey)
2 creatures vanquished.

Grand Total: 110 creatures vanquished

Notes
Turn   | Place    | Note
-------+----------+-------------------------------------------
     0 | D:1      | troglodite the Demonspawn Berserker began the quest for the
                  | Orb.
     0 | D:1      | Reached XP level 1. HP: 18/18 MP: 1/1
   177 | D:1      | Gained mutation: You have a pair of small horns on your
                  | head. [demonic ancestry]
   177 | D:1      | Reached XP level 2. HP: 17/24 MP: 2/2
  1115 | D:2      | Gained mutation: You are immune to rotting. [demonic
                  | ancestry]
  1115 | D:2      | Reached XP level 3. HP: 22/29 MP: 3/3
  1236 | D:2      | Noticed Terence
  1243 | D:2      | Killed Terence
  1357 | D:2      | Found a faded altar of an unknown god.
  1390 | D:2      | Reached XP level 4. HP: 37/37 MP: 4/4
  1413 | D:2      | Found a glowing silver altar of Zin.
  1591 | D:2      | Reached ** piety under Trog
  2880 | D:3      | Reached XP level 5. HP: 35/42 MP: 5/5
  3023 | D:4      | Reached skill level 1 in Short Blades
  3057 | D:4      | Reached skill level 1 in Shields
  3684 | D:5      | Entered Level 5 of the Dungeon
  3720 | D:5      | Gained mutation: A weak demonic guardian rushes to your
                  | aid. [demonic ancestry]
  3720 | D:5      | Reached XP level 6. HP: 39/49 MP: 6/6
  3863 | D:5      | Found a staircase to the Ecumenical Temple.
  4060 | D:5      | Noticed an ice beast
  4075 | D:5      | Killed an ice beast
  4126 | D:5      | Reached *** piety under Trog
  4145 | D:5      | Noticed an ice beast
  4208 | D:5      | Gained mutation: You may emit foul miasma when damaged in
                  | melee. [demonic ancestry]
  4208 | D:5      | Reached XP level 7. HP: 29/55 MP: 7/7
  4506 | D:5      | Noticed a hungry ghost
  4523 | D:5      | Killed a hungry ghost
  4539 | D:5      | Got a fine dagger
  4581 | D:5      | Identified the cursed +1 dagger of Pugac {pierce, rF+ rC+}
                  | (You found it on level 5 of the Dungeon)
  5520 | D:6      | Gained mutation: You have a pair of horns on your head.
                  | [demonic ancestry]
  5520 | D:6      | Reached XP level 8. HP: 61/61 MP: 8/8
  5573 | D:6      | Reached skill level 5 in Fighting
  6051 | D:7      | Reached skill level 5 in Armour
  6074 | D:6      | HP: 3/62 [poisoned by a killer bee]
  6081 | D:6      | HP: 2/62 [poisoned by a killer bee]
  6089 | D:6      | HP: 2/62 [poisoned by a killer bee]
  6410 | D:7      | Reached skill level 5 in Shields
  6439 | D:7      | Found a flagged portal.
  6454 | Bailey   | Entered a bailey
  6454 | Bailey   | Noticed an orc knight
  6454 | Bailey   | Noticed an orc knight
  6455 | Bailey   | Noticed an orc knight
  6494 | Bailey   | Noticed an orc knight
  6497 | Bailey   | Demolished by an orc warrior

Skill      XL: |  1  2  3  4  5  6  7  8 |
---------------+-------------------------+-----
Dodging        | 2 3 4 |  4.3
Long Blades    | 3 |  3.2
Armour         | 2 3 4 5 |  5.4
Fighting       | 4 5 |  5.5
Short Blades   | 1 2 3 |  3.5
Shields        | 1 2 3 5 |  5.7
Stealth        | |  0.3

Action                   |  1- 3 |  4- 6 |  7- 9 || total
-------------------------+-------+-------+-------++-------
Melee: Falchion          |    15 |       |       ||    15
       Dagger            |    41 |   280 |   158 ||   479
       Headbutt          |     7 |    61 |    36 ||   104
Invok: Berserk           |     1 |     3 |     3 ||     7
  Use: Scroll            |       |       |    14 ||    14
 Stab: Sleeping          |     1 |       |       ||     1
       Distracted        |       |     2 |     1 ||     3
  Eat: Chunk             |     2 |     9 |     3 ||    14
       Ration            |       |     1 |     3 ||     4
Armor: Animal skin       |     2 |       |       ||     2
       Chain mail        |     6 |   108 |    54 ||   168
Dodge: Dodged            |    27 |    44 |    26 ||    97
Block: Shield            |     8 |   114 |       ||   122
       Other             |     1 |       |       ||     1
       Reflection        |       |     1 |     6 ||     7
       Large shield      |       |    16 |   144 ||   160
       Rpst.: Falchion   |     5 |       |       ||     5
